 Dungeon Crawl Stone Soup version 0.28.0-53-g5a82cb258f (webtiles) character file.

Game seed: 10461392886655372112

1257 firemarshallily the Firebug (level 8, 0/73 HPs)
             Began as a Naga Fire Elementalist on Aug 27, 2022.
             Was a Priest of Vehumet.
             Slain by Edmund
             ... wielding a +0 dire flail of holy wrath
              (13 damage)
             ... on level 5 of the Dungeon.
             The game lasted 00:25:21 (4961 turns).

firemarshallily the Firebug (NaFE)                  Turns: 4961, Time: 00:25:22

Health: 0/73       AC:  6    Str: 11    XL:     8   Next: 51%
Magic:  0/16       EV:  9    Int: 20    God:    Vehumet [***...]
Gold:   21         SH:  0    Dex: 11    Spells: 10/18 levels left

rFire   . . .      SeeInvis +   i - staff of poison
rCold   . . .      Faith    .   (no shield)
rNeg    . . .      Spirit   .   a - +0 robe
rPois   +          Reflect  .   (helmet restricted)
rElec   .          Harm     .   e - +0 cloak
rCorr   .          Rampage  .   c - +1 pair of gloves {hurl}
Will    +....                   (no barding)
Stlth   ++........              (no amulet)
HPRegen 0.22/turn               (no ring)
MPRegen 0.15/turn               (no ring)

@: hasted, quick
A: AC +2, large, see invisible, deformed body, poison resistance, slowness 2,
spit poison 1, naga tail 1, beak, clever 1, no potion heal 1
a: Spit Poison, Renounce Religion


You were on level 5 of the Dungeon.
You worshipped Vehumet.
Vehumet was most pleased with you.
You visited 1 branch of the dungeon, and saw 5 of its levels.

You collected 141 gold pieces.
You spent 120 gold pieces at shops.

Inventory:

Missiles
 m - 70 stones
Armour
 a - a +0 robe (worn)
 c - a +1 pair of gloves of hurling (worn)
 e - a +0 cloak (worn)
 h - a scarf of shadows
Magical Staves
 i - a staff of poison (weapon)
Jewellery
 b - a ring of ice
Wands
 k - a wand of flame (17)
Scrolls
 l - 2 scrolls of magic mapping {unknown}
 p - a scroll of fear
 q - a scroll of enchant weapon {unknown}
 r - a scroll of amnesia {unknown}
Potions
 d - 3 potions of attraction
 g - a potion of flight {unknown}
 j - a potion of might {unknown}
 n - a potion of cancellation {unknown}


   Skills:
 * Level 4.5 Fighting
 - Level 1.5 Dodging
 - Level 3.0 Stealth
 * Level 5.5 Spellcasting
 + Level 4.0 Conjurations
 * Level 5.6 Fire Magic
 + Level 2.6 Poison Magic


You had 10 spell levels left.
You knew the following spells:

 Your Spells              Type           Power      Damage    Failure   Level
a - Foxfire               Conj/Fire      96%        2x1d8     1%          1
b - Scorch                Fire           56%        2d7       1%          2
c - Static Discharge      Conj/Air       13%        N/A       2%          2
d - Mephitic Cloud        Conj/Pois/Air  21%        N/A       3%          3

Your spell library contained the following spells:

 Spells                   Type           Power      Damage    Failure   Level
 Conjure Flame            Conj/Fire      24%        6-21      1%          3
 Inner Flame              Hex/Fire       16%        N/A       3%          3
 Flame Wave               Conj/Fire      24%        2d7       4%          4
 Summon Cactus Giant      Summ           2%         N/A       100%        6


Dungeon Overview and Level Annotations

Branches:
Dungeon (5/15)
 Temple: D:4-7

Altars:
Nemelex Xobeh
Vehumet

Shops:
D:2 =   D:3 *   D:5 !

Annotations:
D:5 Edmund


Innate Abilities, Weirdness & Mutations

Your serpentine skin is tough. (AC +2)
You have supernaturally acute eyesight. (SInv)
Armour fits poorly on your strangely shaped body.
Your system is resistant to poisons. (rPois)
You cover ground very slowly.
You can spit poison.
You have a snake-like lower body.
You have a beak for a mouth.
Your mind is acute. (Int +2)
Potions are less effective at restoring your health.


Message History

* * * LOW HITPOINT WARNING * * *
You hit Edmund.
Edmund is severely wounded.
Edmund hits you with a +0 dire flail of holy wrath!
* * * LOW HITPOINT WARNING * * *
You feel much better. Edmund hits you but does no damage.
You barely miss Edmund.
Edmund is severely wounded.
You hit Edmund.
Edmund is severely wounded.
Edmund hits you with a +0 dire flail of holy wrath.
You hit Edmund.
Edmund is severely wounded.
Edmund hits you with a +0 dire flail of holy wrath!
* * * LOW HITPOINT WARNING * * *
You feel better.
Edmund says, "You wouldn't believe how much I paid for this flail."
Edmund hits you with a +0 dire flail of holy wrath!
* * * LOW HITPOINT WARNING * * *
Casting: Foxfire (safe; 1% risk of failure)
Confirm with . or Enter, or press ? or * to list all spells.
You conjure some foxfire!
Edmund closely misses you.
The foxfire hits Edmund.
Edmund is almost dead.
The foxfire hits Edmund but does no damage.
Edmund is almost dead.
Edmund clears his throat.
Okay, then.
It was a potion of mutation.
You feel extremely strange.
You feel clever.
Your system partially rejects the healing effects of potions.
Your mouth lengthens and hardens into a beak!
You barely miss Edmund. Your peck misses Edmund.
Edmund is almost dead.
Edmund says, "People will remember me!
They'll remember me and die!"
Edmund completely misses you.
You hit Edmund but do no damage. Your peck misses Edmund.
Edmund is almost dead.
Edmund hits you with a +0 dire flail of holy wrath!
You die...

.............
≈≈....≈≈≈≈≈
≈≈....≈≈≈≈
≈≈....≈≈≈ ...... .
.... ..
...####.#####.#
#...[†..).....#
#..###..@@....#
#........#
#........#
#........# ....
#.....$...#
#+#.#.###.........#
=.................#
......##.........#
..... .


You could see Edmund (poisoned).

Vanquished Creatures
  A necrophage (D:5)
  2 ogres (D:4)
  A centaur (D:5)
  6 scorpions
  3 killer bees (D:5)
  A howler monkey (D:5)
  3 hounds (D:4)
  A bullfrog skeleton (D:4)
  A centaur skeleton (D:4)
  Natasha (thrice) (D:2)
  A hound skeleton (D:4)
  A gnoll (D:5)
  5 adders
  An adder skeleton (D:4)
  2 worms (D:2)
  2 dart slugs
  An orc (D:5)
  6 endoplasms
  3 giant cockroaches
  9 hobgoblins
  4 jackals (D:5)
  3 quokkas
  7 ball pythons
  13 bats
  14 frilled lizards
  7 goblins
  9 kobolds
  9 rats
119 creatures vanquished.

Vanquished Creatures (others)
  210 foxfires
  5 fungi (D:4)
  16 plants
231 creatures vanquished.

Grand Total: 350 creatures vanquished

Notes
Turn   | Place    | Note
-------+----------+-------------------------------------------
     0 | D:1      | firemarshallily the Naga Fire Elementalist began the quest
                  | for the Orb.
     0 | D:1      | Reached XP level 1. HP: 15/15 MP: 3/3
   278 | D:1      | Reached XP level 2. HP: 12/24 MP: 5/5
   806 | D:1      | Found a faded altar of an unknown god.
   824 | D:1      | Reached XP level 3. HP: 30/30 MP: 4/6
   827 | D:1      | Prayed at the altar of an unknown god.
   827 | D:1      | Became a worshipper of Vehumet
   827 | D:1      | Reached * piety under Vehumet
   827 | D:1      | Offered knowledge of Freeze by Vehumet.
   831 | D:1      | Learned a level 2 spell: Scorch
  1002 | D:1      | Reached skill level 1 in Fighting
  1545 | D:2      | Reached XP level 4. HP: 38/38 MP: 6/8
  1605 | D:2      | Offered knowledge of Static Discharge by Vehumet.
  1609 | D:2      | Learned a level 2 spell: Static Discharge
  1736 | D:2      | Reached ** piety under Vehumet
  1890 | D:2      | Noticed Natasha
  1893 | D:2      | Killed Natasha
  1918 | D:2      | Noticed Natasha
  1921 | D:2      | Killed Natasha
  1922 | D:2      | Reached XP level 5. HP: 37/45 MP: 3/9
  2176 | D:2      | You fall into a shaft and drop 2 floors!
  2463 | D:2      | Noticed Natasha
  2467 | D:2      | Killed Natasha
  2590 | D:2      | Found Roqipemo's Jewellery Emporium.
  2779 | D:3      | Found Wies's General Store.
  2787 | D:3      | Bought a potion of curing for 36 gold pieces
  2787 | D:3      | Bought a scroll of identify for 24 gold pieces
  3117 | D:4      | Reached XP level 6. HP: 52/52 MP: 4/11
  3346 | D:4      | Found a sparkling altar of Nemelex Xobeh.
  3657 | D:4      | Offered knowledge of Mephitic Cloud by Vehumet.
  3661 | D:4      | Reached XP level 7. HP: 62/62 MP: 5/13
  3665 | D:4      | Learned a level 3 spell: Mephitic Cloud
  3845 | D:4      | Reached skill level 1 in Poison Magic
  4162 | D:4      | Reached skill level 5 in Spellcasting
  4310 | D:4      | Reached skill level 5 in Fire Magic
  4606 | D:5      | Entered Level 5 of the Dungeon
  4654 | D:5      | Reached XP level 8. HP: 65/72 MP: 10/15
  4662 | D:5      | Reached *** piety under Vehumet
  4829 | D:5      | Identified the +0 plate armour of Noughts and Crosses
                  | {-Tele rElec rC+ Will+++}
  4856 | D:5      | Found Melyatra's Distillery.
  4866 | D:5      | Bought a potion of heal wounds for 60 gold pieces
  4934 | D:5      | Noticed Edmund
  4959 | D:5      | Gained mutation: Your mind is acute. (Int +2) [potion of
                  | mutation]
  4959 | D:5      | Gained mutation: Potions are less effective at restoring
                  | your health. [potion of mutation]
  4959 | D:5      | Gained mutation: You have a beak for a mouth. [potion of
                  | mutation]
  4961 | D:5      | Slain by Edmund

Illustrated notes

Levels and vault maps discovered:
D:1:      dpeg_arrival_erosion, layout_basic, shapermc_ecumenical_altar_ellora,
          minmay_lizard_king
D:2:      layout_basic, serial_shops, nicolae_shop_window_shopping,
          chequers_avenue, uniq_natasha
D:3:      layout_rooms, serial_shops, shop
D:4:      old_forge, layout_basic, nemelex_xobeh_ov_fountains_minmay,
          chequers_hall_statues_y, hangedman_decor_slide_cut
D:5:      lemuel_castle_with_subvaults [lemuel_castle_interior_carwin_1],
          layout_basic, serial_shops, nicolae_shop_trees,
          guppyfry_early_lair_pool, uniq_edmund, uniq_pikel

Skill      XL: |  1  2  3  4  5  6  7  8 |
---------------+-------------------------+-----
Fighting       | 1 2 3 4 |  4.5
Spellcasting   | 3 4 5 |  5.5
Conjurations   | 2 3 4 |  4.0
Fire Magic     | 4 5 |  5.6
Poison Magic   | 1 2 |  2.6
Dodging        | |  1.5
Stealth        | |  3.0

Action                   |  1- 3 |  4- 6 |  7- 9 || total
-------------------------+-------+-------+-------++-------
Melee: Long sword        |    27 |     3 |       ||    30
       Staff             |       |    20 |    59 ||    79
 Cast: Foxfire           |    38 |    52 |    35 ||   125
       Scorch            |       |    20 |    28 ||    48
       Static Discharge  |       |       |     2 ||     2
 Abil: Spit Poison       |    23 |    26 |     9 ||    58
  Use: Scroll            |       |     3 |       ||     3
       Potion            |       |       |     6 ||     6
Armor: Robe              |     8 |     9 |    30 ||    47
       Skin              |       |       |    78 ||    78
Dodge: Dodged            |    20 |    19 |    47 ||    86
